 Dungeon Crawl Stone Soup version 0.18-a0-965-g9200175 (webtiles) character file.

22 Ishamoridin the Grave Robber (level 2, 0/19 HPs)
             Began as a Mummy Necromancer on Jan 1, 2016.
             Slain by a worm (8 damage)
             ... on level 2 of the Dungeon.
             The game lasted 00:08:02 (1005 turns).

Ishamoridin the Grave Robber (Mummy Necromancer)    Turns: 1005, Time: 00:08:02

Health: 0/19       AC:  4    Str: 11    XL:     2   Next: 68%
Magic:  2/5        EV: 11    Int: 14    God:
Gold:   53         SH:  0    Dex: 12    Spells: 2 memorised, 3 levels left

rFire  x . .     SeeInvis .     p - +0 spear
rCold  + . .     Gourm    .     i - +0 leather armour
rNeg   + + +     Faith    +     (no shield)
rPois  ∞         Spirit   .     e - +0 helmet {Goes on head}
rElec  .         Dismiss  .     (no cloak)
rCorr  .         Reflect  .     (no gloves)
SustAt .         Harm     .     (no boots)
MR     .....                    m - amulet of faith
Stlth  +.........               (no ring)
                                (no ring)

@: very slightly contaminated, not resistant to hostile enchantments, very
unstealthy
A: no food or potions, fire vulnerability, cold resistance 1, negative energy
resistance 3, torment resistance, unbreathing
a: no special abilities


You were on level 2 of the Dungeon.
You were not hungry.

You visited 1 branch of the dungeon, and saw 2 of its levels.

You collected 53 gold pieces.

Inventory:

Hand Weapons
 k - a +0 club
 p - a +0 spear (weapon)
Missiles
 h - 41 stones (quivered)
 n - 18 bolts
 o - 14 arrows
 q - 19 poisoned needles
 r - 3 tomahawks
Armour
 a - a +0 robe
 c - a +1 ring mail of poison resistance
 e - a +0 helmet (worn) {Goes on head}
 i - a +0 leather armour (worn)
 l - a +0 ring mail
Jewellery
 m - an amulet of faith (around neck)
Potions
 d - a potion of cure mutation {unknown}
 f - 3 potions of curing {unknown}
 g - 2 potions of degeneration {unknown}
Books
 b - a book of Necromancy

   Spells                             Type                      Level
   a - Pain                           Necromancy                   1
   b - Animate Skeleton               Necromancy                   1
   c - Vampiric Draining              Necromancy                   3
   d - Regeneration                   Charms/Necromancy            3
   e - Animate Dead                   Necromancy                   4
   f - Control Undead                 Necromancy                   4
Comestibles
 j - 2 chunks of flesh
 s - 2 bread rations


   Skills:
 + Level 0.1 Armour
 + Level 1.5 Dodging
 + Level 1.5 Stealth
 + Level 2.3 Spellcasting
 + Level 4.5 Necromancy


You had 3 spell levels left.
You knew the following spells:

 Your Spells              Type           Power        Failure   Level  Hunger
a - Pain                  Necr           ##..         6%          1    N/A
b - Animate Skeleton      Necr           N/A          6%          1    N/A

Dungeon Overview and Level Annotations

Branches:
Dungeon (2/15)

Altars:

Annotations:
D:2 Ijyb


Innate Abilities, Weirdness & Mutations

You do not eat or drink.
Your flesh is vulnerable to fire.
You are immune to poison.
Your flesh is cold resistant.
You are immune to negative energy.
You are immune to unholy pain and torment.
You can survive without breathing.


Message History

Aiming: Pain
Press: ? - help, Shift-Dir - straight line, f/p - gnoll
Aim: a gnoll (moderately wounded, chance to defeat MR: 79%)
The gnoll convulses in agony!
The hobgoblin shouts!
The gnoll barely misses you. The gnoll closely misses you.
You hit the gnoll.
The gnoll is heavily wounded.
The gnoll hits you from afar with a spear.
The gnoll closely misses you.
You can't drink.
Found a whip.
You see here a bread ration.
s - 2 bread rations (gained 1)
The gnoll hits you but does no damage. The gnoll completely misses you.
Ijyb grins evilly.
A worm comes into view.
The worm moves out of view.
You hit the worm but do no damage. The worm bites you!
You die...

# ### #...# .#.##
## ... .# # #w#
###.#...
#@###...#.### ##
##.g........)...#
#...g.g.###.###.#
#...............###
#.....g..#.#......#
#......gg..#g..!#.#
#...............#.#
#######.##.#......#
#.#..#.#.....


You could see Ijyb, a worm, 4 gnolls and a hobgoblin.

Vanquished Creatures
  An ooze (D:1)
  A giant gecko (D:1)
  4 goblins (D:1)
  2 hobgoblins (D:1)
  A ball python (D:1)
  2 bats (D:1)
  A giant newt (D:2)
  2 kobolds (D:1)
  2 rats (D:1)
16 creatures vanquished.

Notes
Turn   | Place    | Note
--------------------------------------------------------------
     0 | D:1      | Ishamoridin the Mummy Necromancer began the quest for the Orb.
     0 | D:1      | Reached XP level 1. HP: 13/13 MP: 3/3
     2 | D:1      | Learned a level 1 spell: Animate Skeleton
   507 | D:1      | Reached XP level 2. HP: 19/19 MP: 1/5
   845 | D:1      | Learned a level 1 spell: Animate Skeleton
   987 | D:2      | Noticed Ijyb
  1005 | D:2      | Slain by a worm

Vault maps used:
D:1:      eino_arrival_water_star
D:2:      first_bread, uniq_iyjb

Action                   || total
-------------------------++-------
Melee: Unarmed           ||    15
       Spear             ||     4
Throw: Stone             ||     2
 Cast: Pain              ||    23
       Animate Skeleton  ||     4
  Use: Scroll            ||     3
